 Dungeon Crawl Stone Soup version 0.29.1-4-g47bece8355 (webtiles) character file.

Game seed: 108049283962120218

167290 DildoBatman the Earth Mage (level 18, -4/140 HPs)
             Began as a Formicid Conjurer on Dec 2, 2022.
             Was an Initiate of Gozag.
             Succumbed to Arachne's bolt of poison
             ... on level 3 of the Spider Nest.
             The game lasted 02:06:26 (29637 turns).

DildoBatman the Earth Mage (Formicid Conjurer)     Turns: 29637, Time: 02:06:27

Health: -4/140     AC: 16    Str: 13    XL:     18   Next: 55%
Magic:  11/34      EV: 20    Int: 25    God:    Gozag
Gold:   8836       SH: 14    Dex: 17    Spells: 15/41 levels left

rFire   + . .      SeeInvis +   b - +1 arbalest of Grandeur {elec, Fly Dex+5 Stlth-}
rCold   + . .      Faith    .   t - +0 kite shield
rNeg    . . .      Spirit   .   i - +3 leather armour {rC+ rF+}
rPois   .          Reflect  .   (helmet unavailable)
rElec   .          Harm     .   f - +0 cloak
rCorr   .          Rampage  .   g - +0 pair of gloves
Will    +....      Clarity  +   N - +0 pair of boots {Fly}
Stlth   +.........              m - amulet of magic regeneration
HPRegen 0.33/turn               F - +4 ring of protection
MPRegen 0.64/turn               x - +4 ring of evasion

@: lethally poisoned (-4 -> -42), flying
A: permanent stasis, dig shafts and tunnels, antennae 3, four strong arms, claws
1, clarity, screaming 1
a: Dig, Shaft Self, Renounce Religion, Potion Petition, Call Merchant, Bribe
Branch


You were on level 3 of the Spider Nest.
You worshipped Gozag.
Gozag was greatly pleased with you.
You visited 6 branches of the dungeon, and saw 28 of its levels.
You also visited: Bailey, Ice Cave and Volcano.

You collected 9520 gold pieces.
You paid 684 gold pieces to Gozag.

Inventory:

Hand Weapons
 a - the +8 war axe "Iqopaluk" {drain, *Rage rCorr Dex+4}
   (You found it on level 9 of the Dungeon)

   A truly terrible weapon, it drains the life of any living foe it strikes.
   Dex:       It affects your dexterity (+4).
   *Rage:     It berserks you when you make melee attacks (+20% chance).
   rCorr:     It protects you from acid and corrosion.
 b - the +1 arbalest of Grandeur (weapon) {elec, Fly Dex+5 Stlth-}
   (You found it in an ice cave)

   Any ammunition fired from it occasionally discharges a powerful burst of
   electricity upon striking a foe.
   Dex:       It affects your dexterity (+5).
   Fly:       It grants you flight.
   Stlth:     It makes you less stealthy.
 c - the +6 hand axe of the Feather {vorpal, +Blink rElec rF+ Int-3}
   (You found it on level 9 of the Dungeon)

   It inflicts extra damage upon your enemies.
   Int:       It affects your intelligence (-3).
   rF:        It protects you from fire.
   rElec:     It insulates you from electricity.
   +Blink:    It lets you blink.
 d - the +9 long sword "Fohusyum" {freeze, Will+ Str+3 Int-5 SInv}
   (You found it on level 6 of the Dungeon)

   It freezes those it strikes, dealing additional cold damage.
   It can also slow down cold-blooded creatures.
   Str:       It affects your strength (+3).
   Int:       It affects your intelligence (-5).
   SInv:      It lets you see invisible.
   Will:      It increases your willpower.
 V - a +2 arbalest of flaming
Missiles
 n - 6 throwing nets
 E - 17 javelins
Armour
 f - a +0 cloak (worn)
 g - a +0 pair of gloves (worn)
 i - a +3 leather armour of resistance (worn)
 t - a +0 kite shield (worn)
 G - a +1 robe of willpower
 N - a +0 pair of boots of flying (worn)
Jewellery
 m - an amulet of magic regeneration (around neck)
 x - a +4 ring of evasion (right hand)
 z - a ring of resist corrosion
 F - a +4 ring of protection (left hand)
 P - a ring of poison resistance
 Q - a ring of wizardry
Wands
 A - a wand of roots (27)
 X - a wand of acid (17)
Scrolls
 e - 2 scrolls of immolation {unknown}
 h - 4 scrolls of brand weapon {unknown}
 j - 2 scrolls of acquirement {unknown}
 l - 4 scrolls of torment
 s - 6 scrolls of poison
 w - 5 scrolls of enchant armour
 y - 4 scrolls of butterflies {unknown}
 C - 7 scrolls of magic mapping
 H - 2 scrolls of blinking {unknown}
 I - 4 scrolls of fear {unknown}
 K - 2 scrolls of enchant weapon {unknown}
 S - a scroll of amnesia
Potions
 k - 3 potions of cancellation
 o - 2 potions of lignification {unknown}
 q - a potion of attraction {unknown}
 r - 11 potions of curing
 u - 5 potions of heal wounds
 v - 8 potions of ambrosia
 B - 4 potions of resistance
 J - 8 potions of might
 L - a potion of magic
 M - 2 potions of mutation
 R - 2 potions of brilliance {unknown}
 W - 2 potions of invisibility
Miscellaneous
 p - a phial of floods
 D - a lightning rod (4/4)
 O - a condenser vane
 T - a phantom mirror


   Skills:
 - Level 12.0 Fighting
 - Level 12.0 Armour
 - Level 10.0 Dodging
 - Level 2.4 Stealth
 - Level 15.0 Shields
 - Level 12.0 Spellcasting
 - Level 4.0 Conjurations
 * Level 14.9 Necromancy
 - Level 3.0 Air Magic
 * Level 16.0 Earth Magic
 - Level 6.0 Poison Magic


You had 15 spell levels left.
You knew the following spells:

 Your Spells              Type           Power      Damage    Failure   Level
a - Borgnjor's Vile Clut  Necr/Erth      37%        N/A       1%          5
b - Stone Arrow           Conj/Erth      100%       3d13      1%          3
c - Statue Form           Tmut/Erth      35%        N/A       38%         6
d - Vampiric Draining     Necr           74%        2d11      1%          3
e - Mephitic Cloud        Conj/Pois/Air  36%        N/A       3%          3
h - Dispel Undead         Necr           74%        3d25      1%          4
z - Sublimation of Blood  Necr           74%        N/A       1%          2

Your spell library contained the following spells:

 Spells                   Type           Power      Damage    Failure   Level
 Necrotise                Necr           100%       1d9       0%          1
 Sandblast                Erth           100%       2d20      0%          1
 Magic Dart               Conj           100%       1d8       1%          1
 Shock                    Conj/Air       100%       1d9       1%          1
 Passwall                 Tmut/Erth      44%        N/A       1%          2
 Agony                    Necr           74%        N/A       1%          5
 Lee's Rapid Deconstruct  Erth           38%        3d20*     1%          5
 Searing Ray              Conj           70%        2d7       2%          2
 Animate Armour           Summ/Erth      100%       N/A       2%          4
 Leda's Liquefaction      Hex/Erth       26%        N/A       2%          4
 Petrify                  Tmut/Erth      53%        N/A       2%          4
 Death Channel            Necr           37%        N/A       2%          6
 Foxfire                  Conj/Fire      100%       2x1d9     3%          1
 Spider Form              Tmut/Pois      30%        N/A       6%          3
 Beastly Appendage        Tmut           30%        N/A       8%          1
 Slow                     Hex            60%        N/A       8%          1
 Conjure Flame            Conj/Fire      25%        6-21      10%         3
 Dazzling Flash           Conj/Hex       50%        N/A       10%         3
 Call Imp                 Summ           15%        N/A       11%         2
 Wereblood                Tmut           15%        N/A       11%         2
 Call Canine Familiar     Summ           15%        N/A       22%         3
 Confusing Touch          Hex            15%        N/A       22%         3
 Gell's Gravitas          Tloc           15%        N/A       22%         3
 Inner Flame              Hex/Fire       15%        N/A       22%         3
 Lesser Beckoning         Tloc           15%        N/A       22%         3
 Portal Projectile        Hex/Tloc       30%        N/A       22%         3
 Teleport Other           Tloc           15%        N/A       22%         3
 Airstrike                Air            15%        2d(3-19)  22%         4
 Flame Wave               Conj/Fire      25%        2d8       32%         4
 Fulminant Prism          Conj/Hex       12%        3d9       32%         4
 Iskenderun's Mystic Bla  Conj/Tloc      25%        2d7       32%         4
 Iskenderun's Battlesphe  Conj           35%        2d9       36%         5
 Alistair's Intoxication  Tmut/Pois      20%        N/A       52%         5
 Fireball                 Conj/Fire      12%        3d7       65%         5
 Irradiate                Conj/Tmut      12%        3d15      65%         5
 Borgnjor's Revivificati  Necr           37%        N/A       71%         8
 Infestation              Necr           37%        N/A       71%         8
 Manifold Assault         Tloc           15%        N/A       90%         5
 Summon Forest            Summ/Tloc      7%         N/A       90%         5
 Conjure Ball Lightning   Conj/Air       16%        3x3d6     95%         6
 Haunt                    Necr/Summ      25%        N/A       96%         7
 Eringya's Noxious Bog    Tmut/Pois      15%        N/A       97%         6
 Starburst                Conj/Fire      12%        6d5       99%         6
 Orb of Destruction       Conj           17%        9d7       100%        7
 Summon Hydra             Summ           7%         N/A       100%        7
 Discord                  Hex            7%         N/A       100%        8
 Disjunction              Tloc           7%         N/A       100%        8
 Necromutation            Tmut/Necr      25%        N/A       100%        8
 Death's Door             Necr           37%        N/A       100%        9
 Shatter                  Erth           38%        3d30*     100%        9
 Animate Dead             Necr           Unusable   N/A       N/A         4
 Corpse Rot               Necr/Pois/Air  Unusable   N/A       N/A         4
 Swiftness                Air            Unusable   N/A       N/A         3
 Blink                    Tloc           Unusable   N/A       N/A         2
 Simulacrum               Ice/Necr       Unusable   N/A       N/A         6

Dungeon Overview and Level Annotations

Branches:
Dungeon (13/15)            Temple (1/1) D:4            Lair (5/5) D:10
  Swamp (4/4) Lair:2       Spider (3/4) Lair:2        Slime (0/5) Lair:4
    Orc (2/2) D:9             Elf (0/3) Orc:2        Bailey (visited)
  IceCv (visited)         Volcano (visited)
 Vaults: D:13-14

Altars:
Ashenzari
Cheibriados
Dithmenos
Elyvilon
Fedhas
Gozag
Hepliaklqana
Kikubaaqudgha
Makhleb
Nemelex Xobeh
Okawaru
Qazlal
Ru
Sif Muna
Trog
Uskayaw
Vehumet
Wu Jian
Xom
Yredelemnul
Zin
The Shining One
Jiyva

Shops:
Orc:2 [?(:

Annotations:
Lair:4 1 runed translucent door, exclusion: azure jelly
Spider:3 Arachne


Innate Abilities, Weirdness & Mutations

You cannot be hasted, slowed, berserked, paralysed or teleported.
You can dig through walls and to a lower floor.
You have a pair of large antennae on your head. (SInv)
Your four strong arms can wield two-handed weapons with a shield.
You have sharp fingernails.
You possess an exceptional clarity of mind.
You occasionally shout uncontrollably at your foes.


Message History

You feel extremely sick.
Arachne struggles to escape constriction.
Arachne escapes!
Casting: Borgnjor's Vile Clutch (mildly dangerous; 1% risk of failure)
Confirm with . or Enter, or press ? or * to list all spells.
Aiming: Borgnjor's Vile Clutch (mildly dangerous; 1% risk of failure)
Press: ? - help, Shift-Dir - straight line, f/p - Arachne
Aim: Arachne, wielding a staff of poison (heavily wounded, 100% to hit)
Zombie hands grab Arachne.
The zombie hands constrict Arachne!
You feel very sick.
Arachne struggles to escape constriction. x2
Casting: Borgnjor's Vile Clutch (mildly dangerous; 1% risk of failure)
Confirm with . or Enter, or press ? or * to list all spells.
You can't see any susceptible monsters within range! (Use Z to cast anyway.)
You shoot a bolt. The bolt hits Arachne!
Arachne is severely wounded.
The zombie hands constrict Arachne!!
You feel very sick. Arachne casts a spell at you. The poison arrow hits you!!!
You are more poisoned.
Arachne casts a spell at you. The bolt of poison misses you.
Arachne escapes!
Casting: Borgnjor's Vile Clutch (mildly dangerous; 1% risk of failure)
Confirm with . or Enter, or press ? or * to list all spells.
Aiming: Borgnjor's Vile Clutch (mildly dangerous; 1% risk of failure)
Press: ? - help, Shift-Dir - straight line, f/p - Arachne
Aim: Arachne, wielding a staff of poison (severely wounded, 100% to hit)
Zombie hands grab Arachne.
The zombie hands constrict Arachne.
You feel very sick. Arachne casts a spell at you.
The bolt of poison hits you!!!
You are more poisoned.
The zombie hands constrict Arachne!
You die...
Your body crumbles into a pile of gold.

### { ###.... ###.##
##.#.... #....####
##.......
##...##.###
#..#.....
##...#...######>...#
#.........^#....###
##.........#....^.#
#...##....##.....##
##.@..##..........#
##.H..######...[.<##
#.^#### #.^##..##
#..# #####.## #...#
### #...# .(..#
##...# #ยง...


You could see Arachne (clutched).

Vanquished Creatures
  Roxanne (Spider:2)
  A fenstrider witch (Swamp:2)
  4 ghost moths
  An orc warlord (Bailey)
  An entropy weaver (Spider:3)
  4 eleionomae
  3 dire elephants (Lair:5)
  Azrael (Spider:2)
  5 bunyips
  A spark wasp (Spider:3)
  Harold (D:10)
  A boulder beetle (D:10)
  11 hydras
  An ice dragon (IceCv)
  Erolcha (D:10)
  2 jorogumos
  2 centaur warriors (D:13)
  2 ghost crabs
  3 two-headed ogres
  10 alligators
  4 radroaches
  A spectral dire elephant (Lair:5)
  An orc high priest (Orc:2)
  8 death yaks (Lair:5)
  Amaemon (D:11)
  4 pharaoh ants
  3 sun moths
  A spectral anaconda (Lair:5)
  5 goliath frogs
  An obsidian statue (Lair:5)
  10 orb spiders
  8 swamp dragons
  2 spriggan druids
  3 steelbarb worms
  4 bog bodies
  A wizard (Volcano)
  4 necromancers (Lair:5)
  3 orc knights
  8 wolf spiders
  2 deep elf pyromancers (D:13)
  7 orc sorcerers
  A manticore (D:11)
  8 cyclopes
  3 will-o-the-wisps
  5 salamanders (Volcano)
  2 moths of wrath
  An ugly thing (D:11)
  5 black mambas
  24 elephants (Lair:5)
  6 molten gargoyles (Volcano)
  2 ice statues (IceCv)
  An orange demon (D:11)
  4 torpor snails
  A gargoyle (D:10)
  14 cane toads
  4 unseen horrors
  An efreet (Volcano)
  4 rime drakes
  4 kobold demonologists (D:12)
  2 demonic crawlers (Spider:3)
  15 komodo dragons
  The ghost of GorkyZ the Trooper, a novice GrGl (D:5)
  5 trolls
  A bloated husk (Swamp:2)
  A tengu conjurer (D:13)
  3 meliai (D:13)
  4 hornets
  13 tarantellas
  4 slime creatures (D:12)
  5 tyrant leeches
  19 blink frogs
  6 dream sheep (Lair:5)
  21 culicivoras
  24 jumping spiders
  3 spriggans
  3 vampires
  58 yaks
  6 wyverns
  A dire elephant simulacrum (Lair:5)
  Eustachio (D:6)
  5 fire elementals (Spider:2)
  3 basilisks
  2 death yak simulacra (Lair:5)
  2 steam dragons
  13 vampire mosquitoes
  A spectral cane toad (Lair:5)
  24 redbacks
  Menkaure (D:4)
  12 water moccasins
  3 hell hounds (Spider:2)
  14 swamp worms
  3 wargs
  2 black bears
  33 orc warriors
  2 sky beasts (D:6)
  7 swamp drakes
  3 ice beasts (D:6)
  5 centaurs
  4 ogres
  19 wolves
  An elephant skeleton (Lair:5)
  2 phantoms (D:5)
  4 kobold brigands
  11 bullfrogs
  2 necrophages
  4 scorpions
  4 cane toad simulacra (Lair:5)
  20 wights
  2 lindwurm simulacra (IceCv)
  15 killer bees
  7 howler monkeys
  A centaur zombie (D:5)
  4 hounds
  4 komodo dragon simulacra (IceCv)
  A gnoll bouda (D:8)
  8 jellies
  17 orc priests
  A bullfrog skeleton (D:5)
  10 iguanas
  Jessica (D:3)
  Natasha (thrice) (D:3)
  30 orc wizards
  Ijyb (D:4)
  Robin (D:3)
  16 gnolls
  A howler monkey skeleton (D:5)
  10 acid dragon simulacra (IceCv)
  6 adders
  12 white imps (Lair:1)
  5 ufetubi
  5 steam dragon simulacra (IceCv)
  3 dart slugs
  7 worms
  67 orcs
  4 ball pythons
  6 bats
  7 endoplasms
  2 giant cockroaches
  34 goblins
  21 hobgoblins
  5 quokkas
  4 frilled lizards (D:1)
  16 kobolds
  5 rats
971 creatures vanquished.

Vanquished Creatures (others)
  An alligator (Swamp:3)
  A rime drake (IceCv)
  2 jumping spiders (Spider:2)
  An orc wizard (D:12)
  A bush (Lair:5)
  23 foxfires
  47 fungi
  46 plants
  32 withered plants (Lair:5)
154 creatures vanquished.

Grand Total: 1125 creatures vanquished

Notes
Turn   | Place    | Note
-------+----------+-------------------------------------------
     0 | D:1      | DildoBatman the Formicid Conjurer began the quest for the
                  | Orb.
     0 | D:1      | Reached XP level 1. HP: 13/13 MP: 3/3
   152 | D:1      | Reached XP level 2. HP: 17/20 MP: 0/5
   155 | D:1      | Learned a level 2 spell: Searing Ray
   197 | D:1      | Found a faded altar of an unknown god.
   531 | D:1      | Reached skill level 1 in Armour
   587 | D:1      | Reached skill level 1 in Fighting
   682 | D:1      | Reached XP level 3. HP: 16/26 MP: 6/6
  1085 | D:2      | Learned a level 3 spell: Vampiric Draining
  1182 | D:2      | Reached XP level 4. HP: 32/32 MP: 8/8
  1435 | D:3      | Noticed Jessica
  1614 | D:3      | Noticed Natasha
  1757 | D:3      | Killed Jessica
  1819 | D:3      | Killed Natasha
  1820 | D:3      | Reached XP level 5. HP: 25/38 MP: 3/9
  1855 | D:3      | Noticed Natasha
  1862 | D:3      | Killed Natasha
  1970 | D:3      | You fall into a shaft and drop 1 floor!
  2213 | D:3      | Noticed Robin
  2213 | D:3      | Noticed Natasha
  2331 | D:4      | Noticed Menkaure
  2465 | D:4      | Noticed Ijyb
  2626 | D:4      | Identified the +0 leather armour of Xytunipo {rElec Str+2}
  2645 | D:4      | Reached XP level 6. HP: 26/47 MP: 4/11
  2970 | D:4      | Found a staircase to the Ecumenical Temple.
  2983 | Temple   | Entered the Ecumenical Temple
  3043 | Temple   | Became a worshipper of Kikubaaqudgha
  3464 | D:3      | Reached skill level 5 in Spellcasting
  3480 | D:3      | Killed Robin
  3524 | D:3      | Reached XP level 7. HP: 48/48 MP: 7/14
  3747 | D:3      | Killed Natasha
  3828 | D:4      | Killed Menkaure
  4013 | D:4      | Killed Ijyb
  4035 | D:5      | Entered Level 5 of the Dungeon
  4131 | D:5      | Learned a level 2 spell: Sublimation of Blood
  4136 | D:5      | Learned a level 4 spell: Dispel Undead
  4312 | D:5      | Reached skill level 1 in Necromancy
  4314 | D:5      | Reached XP level 8. HP: 52/58 MP: 8/18
  4321 | D:5      | Reached * piety under Kikubaaqudgha
  4321 | D:5      | Received a gift from Kikubaaqudgha
  4509 | D:5      | Found a runed translucent gate.
  4509 | D:5      | Found a runed translucent gate.
  4510 | D:5      | Found a runed translucent gate.
  4545 | D:5      | Noticed GorkyZ's ghost (novice GrGl)
  4582 | D:5      | Found a hide-covered altar of Uskayaw.
  5019 | D:5      | Noticed an unseen horror
  5196 | D:6      | Reached skill level 5 in Necromancy
  5434 | D:6      | Noticed Eustachio
  5453 | D:6      | Killed Eustachio
  5550 | D:6      | Noticed a vampire
  5611 | D:6      | Reached XP level 9. HP: 53/63 MP: 19/19
  5687 | D:6      | Found a sacrificial altar of Ru.
  6320 | D:7      | Reached ** piety under Kikubaaqudgha
  6362 | D:7      | Got the Parchment of the Calorific Jaunt
  6450 | D:7      | Found a flagged portal.
  6713 | Bailey   | Entered a bailey
  6932 | Bailey   | HP: 1/63 [orc warrior/+0 war axe (10)]
  7060 | Bailey   | Reached skill level 10 in Necromancy
  7060 | Bailey   | Reached XP level 10. HP: 70/70 MP: 10/20
  7485 | Bailey   | Noticed an orc warlord
  7495 | Bailey   | Killed an orc warlord
  7508 | Bailey   | Reached skill level 1 in Shields
  7558 | Bailey   | Reached *** piety under Kikubaaqudgha
  7558 | Bailey   | Received a gift from Kikubaaqudgha
  7567 | Bailey   | Learned a level 5 spell: Borgnjor's Vile Clutch
  7614 | Bailey   | Reached skill level 1 in Earth Magic
  7706 | Bailey   | Reached skill level 2 in Earth Magic
  7849 | Bailey   | Reached skill level 12 in Earth Magic
  7849 | Bailey   | Reached XP level 11. HP: 75/75 MP: 21/21
  8031 | D:5      | Killed GorkyZ's ghost
  8091 | D:5      | Reached skill level 5 in Shields
  8370 | D:6      | Identified the +9 long sword "Fohusyum" {freeze, Will+
                  | Str+3 Int-5 SInv}
  8989 | D:8      | Reached **** piety under Kikubaaqudgha
  8996 | D:8      | Reached XP level 12. HP: 44/81 MP: 5/22
  9195 | D:8      | Found a white marble altar of Elyvilon.
  9199 | D:8      | Found a radiant altar of Vehumet.
  9203 | D:8      | Found a broken altar of Ashenzari.
  9605 | D:8      | Found a bloodstained altar of Trog.
  9837 | D:9      | Identified the +8 war axe "Iqopaluk" {drain, *Rage rCorr
                  | Dex+4}
  9905 | D:9      | Found a hazy altar of Hepliaklqana.
  9952 | D:9      | Noticed a two-headed ogre
  9959 | D:9      | Killed a two-headed ogre
 10183 | D:9      | Found a staircase to the Orcish Mines.
 10231 | D:9      | Reached ***** piety under Kikubaaqudgha
 10411 | D:9      | Identified the +6 hand axe of the Feather {vorpal, +Blink
                  | rElec rF+ Int-3}
 10570 | D:9      | Noticed a two-headed ogre
 10576 | D:9      | Killed a two-headed ogre
 10686 | D:10     | Entered Level 10 of the Dungeon
 10776 | D:10     | Noticed Harold
 10837 | D:10     | Noticed Erolcha
 10842 | D:10     | Killed Erolcha
 10893 | D:10     | Noticed a boulder beetle
 10905 | D:10     | Killed a boulder beetle
 10906 | D:10     | Reached skill level 5 in Fighting
 10906 | D:10     | Reached skill level 5 in Armour
 11301 | D:10     | Found a burning altar of Makhleb.
 11803 | D:10     | Reached XP level 13. HP: 91/91 MP: 13/26
 11807 | D:10     | Found a staircase to the Lair.
 12071 | D:10     | Killed Harold
 12072 | D:10     | Reached skill level 10 in Spellcasting
 12130 | Orc:1    | Entered Level 1 of the Orcish Mines
 12554 | Orc:2    | Entered Level 2 of the Orcish Mines
 12986 | Orc:2    | Reached ****** piety under Kikubaaqudgha
 12988 | Orc:2    | Received a gift from Kikubaaqudgha
 13089 | Orc:1    | Fell from the grace of Kikubaaqudgha
 13267 | Temple   | Became a worshipper of Gozag Ym Sagoz the Greedy
 13733 | Orc:2    | Reached skill level 10 in Shields
 13880 | Orc:2    | Found a staircase to the Elven Halls.
 14271 | Orc:2    | Found Aghyapt's Magic Scroll Shop.
 14271 | Orc:2    | Found Feni's Armour Shop.
 14278 | Orc:2    | Found Eppal's Antique Weapon Boutique.
 14280 | Orc:2    | Found Rotucsuy's Book Boutique.
 14320 | Orc:2    | Gained mutation: You are clumsy. (Dex -2) [potion of
                  | mutation]
 14320 | Orc:2    | Gained mutation: Armour fits poorly on your strangely
                  | shaped body. [potion of mutation]
 14320 | Orc:2    | Gained mutation: You have an increased reservoir of magic.
                  | (+10% MP) [potion of mutation]
 15061 | D:11     | Noticed Amaemon
 15072 | D:11     | Killed Amaemon
 15073 | D:11     | Reached skill level 5 in Dodging
 15073 | D:11     | Reached XP level 14. HP: 85/101 MP: 23/32
 16798 | Lair:1   | Entered Level 1 of the Lair of Beasts
 16954 | Lair:1   | Found a frozen archway.
 17060 | IceCv    | Entered an ice cave
 17565 | IceCv    | Identified the +1 arbalest of Grandeur {elec, Fly Dex+5
                  | Stlth-}
 18925 | Lair:2   | Reached XP level 15. HP: 111/112 MP: 30/34
 18930 | Lair:2   | Found a hole to the Spider Nest.
 18975 | Lair:2   | Was forgiven by Kikubaaqudgha
 19064 | Lair:2   | Found a staircase to the Swamp.
 20131 | Lair:4   | Found a dark tunnel.
 20138 | Volcano  | Entered a volcano
 20538 | Volcano  | Noticed an orb of fire
 20575 | Volcano  | Noticed an orb of fire
 20613 | Volcano  | Lost mutation: Armour fits poorly on your strangely shaped
                  | body. [potion of mutation]
 20613 | Volcano  | Lost mutation: You have an increased reservoir of magic.
                  | (+10% MP) [potion of mutation]
 20613 | Volcano  | Lost mutation: You are clumsy. (Dex -2) [potion of
                  | mutation]
 20613 | Volcano  | Gained mutation: Your mind is acute. (Int +4, Str/Dex -1)
                  | [potion of mutation]
 20613 | Volcano  | Gained mutation: Your magical capacity is low. (-10% MP)
                  | [potion of mutation]
 20613 | Volcano  | Gained mutation: You have sharp toenails. [potion of
                  | mutation]
 20614 | Volcano  | Lost mutation: Your mind is acute. (Int +4, Str/Dex -1)
                  | [potion of mutation]
 20614 | Volcano  | Lost mutation: Your magical capacity is low. (-10% MP)
                  | [potion of mutation]
 20614 | Volcano  | Lost mutation: You have sharp toenails. [potion of
                  | mutation]
 20614 | Volcano  | Gained mutation: You have sharp toenails. [potion of
                  | mutation]
 20614 | Volcano  | Gained mutation: You have razor-sharp toenails. [potion of
                  | mutation]
 20614 | Volcano  | Gained mutation: Armour fits poorly on your strangely
                  | shaped body. [potion of mutation]
 20957 | Lair:4   | Found a runed translucent door.
 20957 | Lair:4   | Found a viscous altar of Jiyva.
 20961 | Lair:4   | Found a staircase to the Slime Pits.
 20961 | Lair:4   | Noticed an azure jelly
 20962 | Lair:4   | Noticed an azure jelly
 21125 | Lair:4   | Reached skill level 10 in Fighting
 21125 | Lair:4   | Reached skill level 10 in Armour
 21516 | Lair:4   | You fall into a shaft and drop 1 floor!
 21516 | Lair:5   | Entered Level 5 of the Lair of Beasts
 21725 | Lair:5   | Reached XP level 16. HP: 96/123 MP: 4/32
 23251 | Lair:5   | Reached skill level 15 in Shields
 23657 | Lair:2   | Learned a level 3 spell: Mephitic Cloud
 23679 | Spider:1 | Entered Level 1 of the Spider Nest
 23731 | Spider:1 | Reached skill level 1 in Poison Magic
 23863 | Spider:1 | Reached skill level 1 in Air Magic
 23902 | Swamp:1  | Entered Level 1 of the Swamp
 24384 | Swamp:1  | Reached XP level 17. HP: 133/133 MP: 4/33
 24572 | Swamp:1  | Learned a level 2 spell: Searing Ray
 24638 | Swamp:1  | Lost mutation: Armour fits poorly on your strangely shaped
                  | body. [potion of mutation]
 24638 | Swamp:1  | Lost mutation: You have razor-sharp toenails. [potion of
                  | mutation]
 24638 | Swamp:1  | Lost mutation: You have sharp toenails. [potion of
                  | mutation]
 24638 | Swamp:1  | Gained mutation: You have sharp fingernails. [potion of
                  | mutation]
 24638 | Swamp:1  | Gained mutation: You possess an exceptional clarity of
                  | mind. [potion of mutation]
 25059 | Swamp:2  | Reached skill level 10 in Dodging
 25510 | Swamp:3  | Reached skill level 5 in Poison Magic
 25568 | Swamp:3  | Got Wefesor's Omnibus of the Quantum Rocks
 25720 | Swamp:3  | Reached skill level 13 in Earth Magic
 26228 | Swamp:4  | Entered Level 4 of the Swamp
 26436 | Lair:2   | Learned a level 6 spell: Statue Form
 26887 | Spider:1 | Reached skill level 14 in Earth Magic
 27467 | Spider:1 | Learned a level 3 spell: Stone Arrow
 27541 | Spider:1 | Gained mutation: You occasionally shout uncontrollably at
                  | your foes. [mutagenic glow]
 27677 | Spider:1 | Reached XP level 18. HP: 136/140 MP: 26/34
 28073 | Spider:2 | Reached skill level 15 in Earth Magic
 28639 | Spider:2 | Noticed Azrael
 28669 | Spider:2 | Killed Azrael
 28777 | Spider:2 | Noticed Roxanne
 28795 | Spider:2 | Killed Roxanne
 29497 | Spider:3 | Reached skill level 16 in Earth Magic
 29624 | Spider:3 | Noticed Arachne
 29636 | Spider:3 | HP: 4/140 [Arachne/bolt of poison (42)]
 29637 | Spider:3 | Succumbed to Arachne's bolt of poison

Illustrated notes

Levels and vault maps discovered:
D:1:      wander_arrival_peaceful_grave, layout_loops_cross,
          hellmonk_ecumenical_altar_lost_god
D:2:      layout_basic, chequers_serial_rivers_large_a, serial_park_tiny_2
D:3:      layout_basic, chequers_serial_rivers_room_b,
          minmay_misc_feat_enclosed, nicolae_hexahallways, nicolae_eternal_life,
          uniq_jessica, uniq_natasha, uniq_robin
D:4:      layout_basic, minmay_temple_entry_offerings,
          hangedman_minor_gate_pass, uniq_menkaure, uniq_ijyb
D:5:      cheibrodos_barr_body, layout_loops_corners,
          eat_drink_and_be_merry_uskayaw, gammafunk_ghost_necromancy,
          st_stairs_5
D:6:      minmay_octagon_keep, layout_loops_corners,
          mainiacjoe_overflow_chevrons, uniq_eustachio
D:7:      layout_loops_corners, lightli_bailey_entry_fortress,
          hangedman_decor_clover_reticule, minmay_misc_feat_pillars
D:8:      layout_rooms, minitemple, tgw_trog, minmay_fractal_squares_diagonal_5
D:9:      layout_roguey, amcnicky_altar_gilded, erik_orc_1,
          kennysheep_generic_room_9
D:10:     layout_stronghold, nicolae_overflow_hidden_temple, erik_lair_dragon,
          minivault_16, grunt_ogre_cave, uniq_erolcha, uniq_harold
D:11:     layout_big_octagon, uniq_amaemon
D:12:     layout_roguey, grunt_decor_one_mirror, st_stairs_1, minivault_5
D:13:     layout_cave_pools, billiards_dpeg
Temple:   eino_temple_lava
Lair:1:   layout_regular_city, portal_ice_cave_entry_imps, grunt_megastairs_3
Lair:2:   layout_regular_city, minmay_swamp_entry_worms,
          spider_nest_entry_rubble, nicolae_lair_grove_arrangements
Lair:3:   layout_roguey
Lair:4:   layout_cave_pods, slime_entry_2, enter_volcano_1
Lair:5:   due_jungle_book, layout_loops_ring, grunt_megastairs_1
Swamp:1:  layout_basic_swamp, evilmike_swamp_ruin_house_5,
          infiniplex_staircase_pool
Swamp:2:  layout_basic_swamp, hangedman_swamp_ruin_hall, swamp_pool3
Swamp:3:  layout_basic_swamp, evilmike_swamp_ruin_house_1
Swamp:4:  swamp_alternative, layout_basic_swamp, swamp_pool1,
          hangedman_swamp_dais
Spider:1: layout_spider_delve, nicolae_spider_nooks_and_crannies
Spider:2: layout_cave_pods, nicolae_spider_moth_buddies, uniq_roxanne,
          uniq_azrael
Spider:3: layout_spider_delve, uniq_arachne
Orc:1:    layout_diamond_mine, basic_altar, nicolae_orc_lava_room
Orc:2:    st_orc_mages, layout_diamond_mine

Skill      XL: |  1  2  3  4  5  6  7  8  9 10 11 12 13 14 15 16 17 18 |
---------------+-------------------------------------------------------+-----
Dodging        | 2 3 5 6 8 9 10 | 10.0
Armour         | 1 2 3 5 6 8 10 12 | 12.0
Fighting       | 1 2 3 5 6 8 10 12 | 12.0
Conjurations   | 4 |  4.0
Spellcasting   | 3 5 6 7 9 11 12 | 12.0
Necromancy     | 1 6 10 12 13 14 | 14.9
Shields        | 1 7 9 10 12 14 15 | 15.0
Earth Magic    | 12 14 16 | 16.0
Poison Magic   | 3 6 |  6.0
Air Magic      | 1 3 |  3.0
Stealth        | |  2.4

Action                   |  1- 3 |  4- 6 |  7- 9 | 10-12 | 13-15 | 16-18 || total
-------------------------+-------+-------+-------+-------+-------+-------++-------
Melee: Unarmed           |     4 |       |       |       |       |       ||     4
       Spear             |     7 |       |       |       |       |       ||     7
       Short sword       |     5 |       |       |       |       |       ||     5
       Trident           |    23 |    78 |       |       |       |       ||   101
       Long sword        |       |       |   142 |     4 |       |       ||   146
       Punch             |       |       |     1 |       |       |       ||     1
       Battleaxe         |       |       |       |    88 |       |       ||    88
       War axe           |       |       |       |    86 |   298 |   253 ||   637
       Hand axe          |       |       |       |       |     8 |       ||     8
 Fire: Sling             |       |       |    22 |       |       |       ||    22
       Shortbow          |       |       |     2 |    10 |    17 |       ||    29
       Arbalest          |       |       |       |       |   112 |   166 ||   278
Throw: Dart              |       |       |       |     3 |       |       ||     3
 Cast: Magic Dart        |    38 |    40 |    11 |     7 |       |       ||    96
       Searing Ray       |     2 |    11 |    23 |       |       |     6 ||    42
       Vampiric Draining |       |       |    44 |    71 |    32 |    51 ||   198
       Sublimation of Bl |       |       |     4 |    27 |    21 |    10 ||    62
       Dispel Undead     |       |       |     8 |     6 |    10 |    12 ||    36
       Borgnjor's Vile C |       |       |       |    53 |   297 |   369 ||   719
       Mephitic Cloud    |       |       |       |       |       |     3 ||     3
       Stone Arrow       |       |       |       |       |       |    10 ||    10
Invok: Receive Forbidden |       |       |       |       |     1 |       ||     1
       Renounce Religion |       |       |       |       |     1 |       ||     1
 Abil: Dig               |       |     1 |       |     3 |     7 |     1 ||    12
Evoke: Wand              |       |       |       |     5 |     1 |     3 ||     9
       Lightning rod     |       |       |       |       |       |     2 ||     2
       Condenser vane    |       |       |       |       |       |     1 ||     1
  Use: Scroll            |       |     3 |     4 |     3 |    11 |     2 ||    23
       Potion            |       |       |     2 |     1 |     3 |     1 ||     7
 Stab: Sleeping          |     5 |     7 |     1 |     2 |     1 |     1 ||    17
       Distracted        |       |     1 |       |       |     3 |     2 ||     6
       Confused          |       |       |       |     1 |       |     5 ||     6
Armor: Robe              |     3 |     9 |       |       |    24 |       ||    36
       Leather armour    |       |       |    41 |    59 |    62 |   113 ||   275
Dodge: Dodged            |    20 |    42 |   193 |   204 |   226 |   335 ||  1020
Block: Kite shield       |       |       |       |   121 |   226 |   348 ||   695
